Map: Cerulean Fall LE

Players

IIIIIlIIIIII - Winner!

  • Race: Terran Terran
  • League: Master
  • Spawn Location: 1:00

KraXxX

  • Race: Zerg Zerg
  • League: Master
  • Spawn Location: 7:00

VOD

Have the link to the VOD?

Description

Time

  • Played on: Dec. 7, 2018, 4:29 a.m.
  • Length: 9:08
Show
View Real Time Build Order
Export as new Build Order

IIIIIlIIIIII Terran - Winner!

Build Orders: 1/1/1 

Get SALT Encoding   

  12  0:03  SCV  
  13  0:15  SCV  
  13  0:19  Supply Depot  
  14  0:27  SCV  
  15  0:30  Refinery  
  15  0:41  SCV  
  16  0:45  Barracks  
  16  0:53  SCV  
  16  0:56  Refinery  
  17  1:05  SCV  
  18  1:17  SCV  
  19  1:33  Factory  
  19  1:35  Orbital Command  
  19  1:37  Marine  
  20  1:53  Supply Depot  
  20  1:55  Marine  
  21  2:02  SCV  
  22  2:13  Marine  
  22  2:14  SCV  
  24  2:22  Starport  
  24  2:26  SCV  
  27  2:30  Marine, Hellion  
  28  2:39  SCV  
  29  2:45  Supply Depot  
  29  2:48  Marine  
  29  2:51  SCV  
  31  3:05  Fusion Core  
  31  3:06  Medivac, SCV  
  34  3:14  Supply Depot  
  34  3:18  SCV  
  35  3:22  Weapon Refit  
  35  3:26  Marine  
  36  3:31  SCV  
  37  3:36  Supply Depot, Starport Tech Lab  
  37  3:44  SCV  
  38  3:55  Battlecruiser  
  44  4:00  Supply Depot  
  44  4:01  Marine  
  45  4:07  SCV  
  46  4:25  Marine, Bunker  
  46  4:28  Bunker  
  47  4:35  Barracks  
  47  4:49  Hellion  
  49  4:59  Battlecruiser  
  55  5:02  Supply Depot  
  55  5:37  Marine x2  
  55  5:38  Supply Depot  
  55  5:41  SCV  
  58  6:09  Battlecruiser  
  58  6:43  SCV  
  58  6:44  Marine x2  
  58  6:45  Hellion  
  59  7:00  SCV  
  60  7:02  Marine x2  
  60  7:07  Hellion  
  64  7:20  Marine x2  
  66  7:28  Hellion  
  56  8:14  Marine x2, SCV  
  64  8:39  SCV  
  64  8:40  Marine  
Show
View Real Time Build Order
Export as new Build Order

KraXxX Zerg 

Build Orders: Pool First 

Get SALT Encoding   

  12  0:01  Drone  
  13  0:12  Overlord  
  13  0:17  Drone  
  14  0:31  Drone x2  
  14  0:35  Drone  
  17  0:45  Spawning Pool  
  17  0:49  Drone  
  17  1:10  Hatchery  
  16  1:13  Drone  
  16  1:16  Extractor  
  16  1:32  Zergling x6  
  19  1:34  Queen  
  21  1:46  Overlord  
  21  1:55  Drone  
  22  2:05  Drone  
  23  2:10  Queen  
  25  2:17  Metabolic Boost  
  25  2:21  Drone  
  26  2:26  Drone x2  
  28  2:33  Spine Crawler  
  28  2:35  Spine Crawler  
  28  2:39  Drone  
  28  2:40  Drone  
  30  2:47  Drone x2  
  32  2:53  Drone x2  
  34  2:59  Drone x2  
  34  3:05  Overlord  
  36  3:07  Roach Warren  
  36  3:09  Drone  
  35  3:23  Overlord  
  35  3:25  Drone x4  
  35  3:26  Lair  
  39  3:37  Queen  
  39  3:38  Spore Crawler  
  39  3:40  Spore Crawler  
  39  3:43  Drone x3  
  42  3:48  Drone x2  
  42  3:50  Drone  
  45  3:59  Drone x4, Extractor  
  45  4:02  Spore Crawler  
  47  4:05  Spore Crawler  
  46  4:16  Queen  
  48  4:19  Extractor  
  48  4:21  Drone x3, Extractor  
  49  4:29  Spore Crawler, Drone x3  
  51  4:31  Hydralisk Den  
  51  4:32  Drone x2  
  51  4:34  Overseer  
  51  4:37  Overlord  
  52  4:51  Spore Crawler  
  51  4:55  Queen  
  53  5:00  Overlord  
  53  5:01  Hydralisk x2, Overlord  
  57  5:07  Overlord  
  57  5:10  Hydralisk  
  59  5:16  Hydralisk  
  59  5:28  Hydralisk x4  
  59  5:35  Hydralisk x2  
  65  5:38  Muscular Augments  
  69  5:43  Hydralisk  
  69  5:45  Hydralisk  
  69  5:48  Overlord  
  71  6:02  Hydralisk x3  
  71  6:03  Hydralisk  
  75  6:08  Hydralisk  
  77  6:12  Hydralisk  
  79  6:19  Drone x2  
  79  6:20  Evolution Chamber  
  78  6:31  Hydralisk x3  
  66  6:44  Hydralisk x4  
  72  6:53  Overlord  
  72  6:59  Hydralisk x2  
  75  7:09  Hydralisk  
  75  7:10  Hydralisk x2  
  81  7:18  Hydralisk  
  81  7:19  Hydralisk  
  85  7:28  Hydralisk  
  85  7:29  Hydralisk  
  87  7:36  Hydralisk  
  91  7:45  Evolution Chamber  
  91  7:47  Evolution Chamber  
  91  7:50  Evolution Chamber  
  87  7:53  Hydralisk x2  
  87  7:57  Hydralisk  
  87  8:12  Hydralisk x7  
  71  8:17  Zergling x4  
  71  8:18  Zergling x2  
  62  8:29  Zergling x2  
  62  8:30  Zergling x2  
  63  8:34  Hydralisk  
  54  8:48  Zergling x2  
  54  8:49  Zergling x2  
Tags
 
Add a new tag
Caveats
  • Supply blocks, unpowered buildings, or Contaminate may cause inaccurate times.
  • Supply counts are checked every 10 seconds.